Map: Debris Field

Players

A.I. 1 (Very Hard)

  • Race: Zerg Zerg
  • Spawn Location: 11:00

larsgj - Winner!

  • Race: Terran Terran
  • Spawn Location: 3:00

VOD

Have the link to the VOD?

Description

Time

  • Played on: Dec. 23, 2022, 10:35 a.m.
  • Length: 17:02
Show
View Real Time Build Order
Export as new Build Order

A.I. 1 (Very Hard) Zerg 

Build Orders: Pool First 

Get SALT Encoding   

  12  0:00  Drone  
  13  0:12  Overlord  
  13  0:18  Drone  
  14  0:29  Extractor, Drone  
  14  0:31  Drone  
  14  0:34  Drone  
  16  0:50  Spawning Pool  
  16  0:51  Drone  
  16  0:56  Drone  
  17  1:06  Overlord  
  17  1:38  Zergling x6  
  17  1:39  Queen  
  22  1:41  Evolution Chamber  
  22  1:46  Metabolic Boost  
  21  1:49  Drone  
  22  2:00  Zergling x2  
  23  2:11  Zergling x2  
  24  2:15  Lair  
  24  2:21  Zergling x2  
  25  2:32  Zergling x2  
  26  2:43  Zergling x2  
  27  2:45  Zergling x6  
  27  2:46  Extractor  
  29  2:54  Drone  
  30  3:05  Overlord  
  30  3:23  Drone x4  
  34  3:34  Spire, Drone  
  34  3:44  Drone  
  35  3:49  Overlord, Drone  
  35  3:54  Pneumatized Carapace  
  36  4:01  Overlord  
  36  4:07  Overlord  
  36  4:15  Overlord  
  36  4:27  Roach Warren  
  36  4:29  Drone  
  36  4:32  Drone  
  36  4:35  Zergling x2  
  38  4:49  Hydralisk Den  
  37  4:57  Drone  
  38  5:00  Drone  
  38  5:03  Drone  
  40  5:10  Roach x2  
  44  5:14  Roach  
  46  5:24  Hydralisk  
  46  5:25  Roach x2  
  46  5:28  Hydralisk  
  54  5:36  Hydralisk  
  56  5:47  Corruptor  
  58  5:55  Corruptor  
  60  6:11  Infestation Pit  
  60  6:13  Drone  
  60  6:25  Hatchery  
  59  6:51  Hive  
  59  7:18  Drone, Evolution Chamber  
  59  7:27  Overseer  
  59  7:37  Drone x2  
  59  7:38  Drone x4, Overlord  
  59  7:39  Drone x4  
  59  7:40  Drone  
  70  7:47  Drone  
  70  7:50  Drone  
  72  7:54  Extractor  
  72  7:58  Drone  
  72  8:00  Drone  
  72  8:03  Overlord  
  72  8:05  Drone, Greater Spire  
  74  8:07  Drone  
  74  8:10  Drone  
  76  8:13  Drone  
  76  8:19  Drone  
  78  8:23  Drone, Zerg Melee Weapons Level 1  
  79  8:30  Drone  
  80  8:34  Overlord, Infestor  
  80  8:35  Drone, Infestor  
  85  8:47  Extractor  
  84  8:53  Zerg Ground Armor Level 1  
  84  9:09  Drone x2  
  86  9:10  Spine Crawler  
  86  9:11  Drone, Infestor  
  86  9:12  Overlord  
  88  9:21  Corruptor, Brood Lord  
  92  9:47  Spine Crawler  
  92  9:48  Infestor  
  92  9:49  Spine Crawler  
  92  10:02  Queen, Overlord  
  92  10:03  Infestor  
  96  10:17  Infestor  
  96  10:20  Roach, Queen  
  96  10:21  Overlord  
  102  10:24  Hydralisk  
  102  10:26  Evolution Chamber  
  102  10:27  Spore Crawler  
  102  10:30  Spore Crawler  
  102  10:34  Zerg Missile Weapons Level 1  
  101  10:36  Spine Crawler  
  100  10:43  Queen  
  102  10:52  Viper  
  105  11:11  Overlord, Viper  
  105  11:16  Spine Crawler  
  107  11:25  Zerg Melee Weapons Level 2  
  107  11:44  Hatchery  
  107  11:45  Drone, Zerg Ground Armor Level 2  
  107  11:55  Drone, Spore Crawler  
  107  12:19  Spore Crawler  
  107  12:20  Drone  
  107  12:34  Corruptor x2  
  107  12:35  Corruptor  
  107  12:36  Corruptor  
  113  12:37  Overlord  
  113  12:39  Queen  
  115  12:45  Corruptor  
  117  12:52  Spore Crawler  
  117  12:57  Spine Crawler, Corruptor  
  117  12:58  Drone x3, Queen  
  118  12:59  Drone x4  
  118  13:00  Overlord, Drone x3  
  118  13:01  Drone x4  
  118  13:02  Drone x3  
  118  13:04  Drone  
  124  13:18  Extractor  
  104  13:29  Extractor  
  104  13:32  Drone  
  102  13:37  Drone  
  95  13:42  Drone  
  95  13:46  Drone  
  95  13:51  Drone  
  95  13:52  Drone  
  95  13:53  Drone x2  
  95  13:54  Drone  
  63  14:10  Drone x3  
  63  14:13  Drone  
  66  14:17  Drone  
  66  14:20  Drone, Hydralisk Den  
  66  14:23  Drone  
  66  14:27  Drone  
  66  14:30  Drone  
  67  14:33  Drone  
  67  14:35  Drone  
  68  14:38  Drone  
  68  14:41  Drone  
  68  14:43  Drone  
  68  14:45  Drone  
  62  14:52  Hydralisk  
  34  15:10  Hydralisk x2  
  34  15:11  Drone  
  36  15:31  Hydralisk, Drone  
  35  15:45  Drone x2  
  35  15:57  Drone x2  
  35  15:59  Spawning Pool  
  34  16:07  Hydralisk  
  34  16:10  Drone  
  37  16:14  Overlord  
  37  16:18  Drone  
  37  16:22  Drone  
  37  16:24  Drone  
  40  16:32  Overlord, Drone  
Show
View Real Time Build Order
Export as new Build Order

larsgj Terran - Winner!

Build Orders: 1/1/1 

Get SALT Encoding   

  12  0:00  SCV  
  13  0:12  SCV  
  14  0:18  Supply Depot  
  14  0:24  SCV  
  15  0:41  Barracks  
  15  0:45  Refinery  
  15  0:50  Refinery  
  15  0:52  SCV  
  16  1:04  SCV  
  17  1:16  SCV  
  18  1:27  Engineering Bay  
  18  1:28  SCV  
  19  1:37  Factory  
  19  1:41  SCV  
  20  1:53  SCV  
  21  2:05  SCV  
  22  2:17  SCV  
  22  2:21  Supply Depot  
  23  2:28  Starport  
  23  2:42  SCV  
  23  2:43  Supply Depot  
  24  2:45  Missile Turret  
  24  3:06  Missile Turret  
  24  3:08  Starport Tech Lab  
  24  3:26  SCV  
  25  3:27  Fusion Core  
  25  3:28  Missile Turret  
  25  3:38  SCV  
  26  3:48  Missile Turret  
  26  3:50  SCV  
  27  4:13  Missile Turret  
  27  4:19  Supply Depot  
  27  4:22  Battlecruiser  
  33  4:30  Weapon Refit  
  33  4:37  Armory  
  33  4:42  Supply Depot  
  33  4:52  Missile Turret  
  33  4:59  Marine  
  34  5:05  Supply Depot  
  34  5:12  Planetary Fortress  
  34  5:17  Marine  
  35  5:30  Starport  
  35  5:35  Marine  
  36  5:40  Bunker  
  36  5:53  Marine  
  37  6:10  Starport Tech Lab  
  37  6:11  Marine  
  38  6:13  Bunker  
  38  6:15  Battlecruiser  
  44  6:45  Bunker  
  44  6:51  Battlecruiser  
  50  7:13  Command Center  
  50  7:19  Bunker  
  50  7:41  Terran Ship Weapons Level 1  
  50  7:54  Bunker  
  50  8:23  Barracks Reactor  
  50  8:46  Battlecruiser  
  56  8:55  Medivac  
  58  9:20  SCV  
  59  9:32  SCV  
  59  9:35  Terran Vehicle And Ship Armor Level 1  
  60  9:42  Refinery  
  61  9:47  Planetary Fortress  
  60  10:17  Refinery  
  60  10:23  Battlecruiser  
  60  10:26  SCV  
  67  10:38  SCV  
  67  10:42  Marine  
  68  10:43  Marine  
  70  10:50  SCV  
  71  11:00  Marine  
  71  11:01  Marine  
  71  11:02  SCV  
  74  11:14  SCV  
  74  11:18  Marine x2  
  77  11:36  Marine  
  77  11:39  Supply Depot  
  78  11:47  Terran Ship Weapons Level 2  
  78  12:01  Marine, Battlecruiser  
  85  12:03  Supply Depot  
  85  12:24  Battlecruiser  
  85  12:26  Supply Depot  
  97  13:05  Battlecruiser  
  97  13:40  Battlecruiser  
  97  14:23  Battlecruiser  
  97  15:34  Supply Depot  
  97  15:56  Battlecruiser x2, Supply Depot  
  109  16:18  Supply Depot  
  103  16:41  Supply Depot  
Tags
 
Matchup
TvZ
Replay Pack
Multiplayer
Spawn Locations
Cross Positions
Add a new tag
Caveats
  • Supply blocks, unpowered buildings, or Contaminate may cause inaccurate times.
  • Supply counts are checked every 10 seconds.